 Dungeon Crawl Stone Soup version 0.25-a0-294-gea9b1ad (webtiles) character file.

Game seed: 16053726780536613189, levelgen mode: deterministic

21633 MrTaco21 the Basher (level 12, -3/116 HPs)
             Began as a Minotaur Berserker on Dec 17, 2019.
             Was a High Priest of Trog.
             Slain by a vampire (9 damage)
             ... on level 11 of the Dungeon.
             The game lasted 00:42:31 (14704 turns).

MrTaco21 the Basher (Minotaur Berserker)           Turns: 14704, Time: 00:42:31

Health: -3/116     AC: 20    Str: 28    XL:     12   Next: 55%
Magic:  11/11      EV: 11    Int:  4    God:    Trog [*****.]
Gold:   291        SH:  4    Dex:  9    Spells: 11/11 levels left

rFire    . . .     SeeInvis .   J - +2 flail (crush)
rCold    . . .     Gourm    +   b - +0 buckler {AC+3}
rNeg     + . .     Faith    .   A - +3 chain mail "Errytuhu" {rCorr}
rPois    .         Spirit   .   (helmet restricted)
rElec    .         Reflect  .   (no cloak)
rCorr    +         Harm     .   I - +0 pair of gloves
MR       ++...                  (no boots)
Stlth    ..........             g - amulet of the gourmand
HPRegen  1.29/turn              w - ring of positive energy
MPRegen  0.12/turn              u - ring of stealth

@: berserk cooldown, regenerating, slowed, very slow
A: retaliatory headbutt, horns 2
a: Berserk, Trog's Hand, Brothers in Arms, Renounce Religion


You were on level 11 of the Dungeon.
You worshipped Trog.
Trog was extremely pleased with you.
You were very full.

You visited 2 branches of the dungeon, and saw 13 of its levels.

You collected 660 gold pieces.
You spent 369 gold pieces at shops.

Inventory:

Hand Weapons
 F - a +6 morningstar
   (Trog gifted it to you on level 9 of the Dungeon)
 J - a +2 flail of crushing (weapon)
   (You took it off a gnoll on level 10 of the Dungeon)
Missiles
 v - 5 throwing nets (quivered) {!f}
Armour
 b - a +0 buckler of protection (worn)
   (You found it on level 1 of the Dungeon)
 A - the +3 chain mail "Errytuhu" (worn) {rCorr}
   (You found it on level 6 of the Dungeon)

   It provides partial protection from all sources of acid and corrosion.
 I - a +0 pair of gloves (worn)
   (You found it on level 10 of the Dungeon)
Jewellery
 g - an amulet of the gourmand (around neck)
   (You found it on level 1 of the Dungeon)
 u - a ring of stealth (right hand)
   (You found it on level 9 of the Dungeon)
 w - a ring of positive energy (left hand)
   (You found it on level 10 of the Dungeon)
Wands
 d - a wand of iceblast (18)
   (You found it on level 2 of the Dungeon)
 t - a wand of flame (17)
   (You took it off an orc on level 3 of the Dungeon)
 D - a wand of enslavement (7)
   (You found it on level 11 of the Dungeon)
 G - a wand of polymorph (43)
   (You found it on level 8 of the Dungeon)
Scrolls
 c - 6 scrolls of remove curse {@r2}
 f - 2 scrolls of immolation {unknown}
 h - 3 scrolls of teleportation {@r4}
 j - 2 scrolls of noise {unknown}
 k - a scroll of summoning {unknown}
 m - 2 scrolls of enchant weapon {unknown}
 n - a scroll of fog {unknown}
 r - 2 scrolls of fear {unknown}
 s - 2 scrolls of random uselessness {unknown}
 y - a scroll of brand weapon {unknown}
 E - 2 scrolls of identify {@r1}
Potions
 a - 2 potions of might
 i - 2 potions of degeneration {!q}
 l - 4 potions of lignification {!q}
 o - a potion of mutation {unknown}
 p - 2 potions of agility
 q - 2 potions of invisibility
 x - 2 potions of cancellation {unknown}
 z - a potion of brilliance {unknown}
 C - 5 potions of curing {@q1}
 H - 2 potions of flight {unknown}
 L - a potion of heal wounds {@q2}
 M - a potion of haste {@q3}
Comestibles
 e - 18 rations {!d}


   Skills:
 + Level 13.9 Fighting
 - Level 14.1 Maces & Flails
 + Level 13.7 Armour
 + Level 5.1 Dodging
 - Level 4.1 Shields


You had 11 spell levels left.
You didn't know any spells.
Your spell library was empty.

Dungeon Overview and Level Annotations

Branches:
Dungeon (12/15)            Temple (1/1) D:5            Lair (0/6) D:9
    Orc (0/2) D:11

Altars:
Ashenzari
Cheibriados
Dithmenos
Elyvilon
Fedhas
Gozag
Hepliaklqana
Kikubaaqudgha
Makhleb
Nemelex Xobeh
Okawaru
Qazlal
Ru
Sif Muna
Trog
Uskayaw
Vehumet
Wu Jian
Xom
Yredelemnul
Zin
The Shining One

Shops:
D:10 }   D:11 ?**!

Annotations:
D:12 Nergalle


Innate Abilities, Weirdness & Mutations

You reflexively headbutt those who attack you in melee.
You have a pair of horns on your head.


Message History

* * * LOW HITPOINT WARNING * * *
Deactivating autopickup; reactivate with Ctrl-A.
Something bites you!
* * * LOW HITPOINT WARNING * * *
You block the large slime creature's attack.
Unknown command.
You barely miss the crocodile. The slime creature hits you.
* * * LOW HITPOINT WARNING * * *
The crocodile bites you!
* * * LOW HITPOINT WARNING * * *
Something hits you.
* * * LOW HITPOINT WARNING * * *
You block something's attack.
The large slime creature closely misses you.
You block the crocodile's attack. Something hits you.
* * * LOW HITPOINT WARNING * * *
Something bites you but does no damage.
The large slime creature hits you but does no damage.
Something hits you but does no damage. Something bites you but does no damage.
You block the slime creature's attack.
The large slime creature hits you but does no damage.
Something hits you but does no damage. Something bites you but does no damage.
Unknown command.
You block the slime creature's attack.
A large slime creature splits.
Two slime creatures merge to form a large slime creature.
Unknown command.
The slime creature hits you but does no damage.
Two slime creatures merge to form a very large slime creature.
Unknown command.
The very large slime creature hits you but does no damage.
A very large slime creature splits.
The slime creature hits you!
* * * LOW HITPOINT WARNING * * *
Two slime creatures merge to form a very large slime creature.
Something hits you but does no damage. Something bites you!
* * * LOW HITPOINT WARNING * * *
Something draws strength from your injuries!
Your ogre goes berserk!
You feel quite a bit less full. Something hits you but does no damage.
You block something's attack.
Your skin crawls.
You feel resistant to hostile enchantments.
You feel somewhat less full. Something hits you but does no damage.
Something bites you!
You die...

#.# ####.[.####..# ##.# #....#
#..# #..# ##...## #.## #..#
#####..(.# #.# ###.##
##.......### ### ######...##
#..........##
###.........####...........##
.....######..##..t..........##
##.........[....@............#
..........).##...J...........#
..........?)####.O...........#
.............# ##..........###
............## #.........##
............# ##.......## ####
.........∩..# ######.######..#
............# ##..##.....
...........## ##........


You could see a very large slime creature, a crocodile and a friendly ogre
(berserk).

Vanquished Creatures
  Harold (D:7)
  A dancing weapon (D:8)
  The ghost of Mango the Blocker, a novice DDFi of Makhleb (D:8)
  6 two-headed ogres
  An unseen horror (D:11)
  Pikel (D:4)
  3 ugly things
  A cyclops (D:10)
  A gargoyle (D:10)
  2 trolls
  A hornet (D:11)
  3 hippogriffs
  Prince Ribbit (D:9)
  Sigmund (D:2)
  A wyvern (D:10)
  A wraith (D:11)
  27 yaks
  A steam dragon (D:10)
  2 hungry ghosts
  A soldier ant (D:10)
  2 water moccasins
  A black bear (D:10)
  3 orc warriors
  2 sky beasts
  A slave (D:4)
  An ice beast (D:11)
  A phantom (D:6)
  4 wolves
  10 ogres
  4 centaurs
  A crocodile (D:9)
  4 big kobolds
  Blork the orc (D:5)
  12 bullfrogs
  A water moccasin zombie (D:7)
  3 scorpions
  2 wyvern skeletons
  17 killer bees
  10 wights
  10 howler monkeys
  An electric eel (D:9)
  7 crimson imps
  3 quasits
  A centaur zombie (D:5)
  A bullfrog zombie (D:7)
  6 hounds
  2 jellies
  6 orc priests
  3 iguanas
  3 bullfrog skeletons
  9 orc wizards
  3 worker ants
  A killer bee zombie (D:7)
  A worker ant zombie (D:11)
  Robin (D:2)
  10 gnolls
  12 adders
  2 shadow imps
  2 oozes (D:3)
  An adder skeleton (D:4)
  An adder zombie (D:8)
  2 worms
  2 dart slugs
  4 leopard geckos
  44 orcs
  2 giant cockroaches
  12 goblins
  6 hobgoblins
  16 jackals
  22 kobolds
  7 quokkas
  10 bats
  5 frilled lizards
  A jackal skeleton (D:5)
  A jackal zombie (D:8)
  A leopard gecko skeleton (D:6)
  2 quokka skeletons
  A quokka zombie (D:8)
  5 rats
366 creatures vanquished.

Vanquished Creatures (others)
  2 orcs (D:11)
2 creatures vanquished.

Grand Total: 368 creatures vanquished

Notes
Turn   | Place    | Note
-------+----------+-------------------------------------------
     0 | D:1      | MrTaco21 the Minotaur Berserker began the quest for the
                  | Orb.
     0 | D:1      | Reached XP level 1. HP: 19/19 MP: 0/0
   121 | D:1      | Reached skill level 4 in Maces & Flails
   385 | D:1      | Reached XP level 2. HP: 26/26 MP: 1/1
   989 | D:2      | Noticed Robin
  1043 | D:1      | Reached skill level 5 in Maces & Flails
  1146 | D:2      | Killed Robin
  1146 | D:2      | Reached XP level 3. HP: 28/31 MP: 2/2
  1583 | D:2      | Reached ** piety under Trog
  1658 | D:2      | Reached skill level 6 in Maces & Flails
  1658 | D:2      | Reached XP level 4. HP: 38/39 MP: 3/3
  1685 | D:2      | Noticed Sigmund
  1778 | D:2      | Killed Sigmund
  1778 | D:2      | Reached skill level 7 in Maces & Flails
  1778 | D:2      | Reached XP level 5. HP: 36/45 MP: 4/4
  1840 | D:2      | Noticed an angel
  1841 | D:2      | Found a glowing silver altar of Zin.
  2263 | D:2      | Reached skill level 8 in Maces & Flails
  2416 | D:3      | Reached XP level 6. HP: 51/51 MP: 5/5
  2514 | D:3      | Found a faded altar of an unknown god.
  3135 | D:4      | Reached skill level 9 in Maces & Flails
  3141 | D:4      | Found a shattered altar of Ashenzari.
  3405 | D:4      | Reached *** piety under Trog
  3418 | D:4      | Found a hazy altar of Hepliaklqana.
  3890 | D:5      | Entered Level 5 of the Dungeon
  3896 | D:5      | Reached XP level 7. HP: 57/57 MP: 6/6
  4021 | D:5      | Reached skill level 10 in Maces & Flails
  4262 | D:5      | Found a staircase to the Ecumenical Temple.
  4283 | D:5      | Noticed Pikel
  4322 | D:4      | Killed Pikel
  4322 | D:4      | Reached skill level 12 in Maces & Flails
  4322 | D:4      | Reached XP level 8. HP: 8/64 MP: 7/7
  4892 | D:5      | Noticed Blork the orc
  4901 | D:5      | Killed Blork the orc
  5086 | Temple   | Entered the Ecumenical Temple
  5186 | D:6      | Reached skill level 13 in Maces & Flails
  5322 | D:6      | Got a smelly chain mail
  5360 | D:6      | Found a hide-covered altar of Uskayaw.
  5407 | D:6      | Reached skill level 1 in Shields
  5559 | D:6      | Reached XP level 9. HP: 72/72 MP: 8/8
  5739 | D:6      | Identified the +3 chain mail "Errytuhu" {rCorr} (You found
                  | it on level 6 of the Dungeon)
  5850 | D:7      | Reached skill level 5 in Fighting
  6289 | D:7      | Reached **** piety under Trog
  6685 | D:7      | Reached skill level 5 in Armour
  6802 | D:7      | Noticed Harold
  7435 | D:7      | Killed Harold
  7435 | D:7      | Reached skill level 14 in Maces & Flails
  7435 | D:7      | Reached XP level 10. HP: 45/84 MP: 9/9
  7860 | D:7      | Found a white marble altar of Elyvilon.
  7864 | D:7      | Found an iron altar of Okawaru.
  8347 | D:8      | HP: 4/88 [poisoned by a killer bee]
  8353 | D:8      | HP: 4/88 [poisoned by a killer bee]
  8740 | D:8      | Noticed a two-headed ogre
  8848 | D:8      | Found a bloodstained altar of Trog.
  9089 | D:8      | Reached ***** piety under Trog
  9089 | D:8      | Received a gift from Trog
  9100 | D:8      | Got a smelly plate armour
  9110 | D:8      | Found a runed translucent door.
  9112 | D:8      | Found a shimmering altar of Xom.
  9112 | D:8      | Noticed Mango's ghost (novice DDFi)
  9112 | D:8      | Noticed a +1 rapier of chaos
  9140 | D:8      | Identified the cursed +1 plate armour "Eceown" {MR+ rCorr
                  | Str+3 Slay-4} (You found it on level 8 of the Dungeon)
  9335 | D:8      | Killed a +1 rapier of chaos
  9345 | D:8      | Killed Mango's ghost
  9436 | D:8      | Killed a two-headed ogre
  9436 | D:8      | Reached skill level 10 in Fighting
  9471 | D:9      | Found an opulent altar of Gozag.
  9669 | D:9      | Reached skill level 10 in Armour
  9669 | D:9      | Reached XP level 11. HP: 66/101 MP: 10/10
 10084 | D:9      | Found a staircase to the Lair.
 10113 | D:9      | Got a smoking leather armour
 10162 | D:9      | Received a gift from Trog
 10231 | D:9      | Noticed Prince Ribbit
 10251 | D:9      | Killed Prince Ribbit
 10350 | D:9      | Found a sparkling altar of Nemelex Xobeh.
 10440 | D:9      | Found a basalt altar of Yredelemnul.
 11000 | D:10     | Entered Level 10 of the Dungeon
 11000 | D:10     | Noticed a two-headed ogre
 11119 | D:10     | Noticed a white ugly thing
 11502 | D:9      | Killed a white ugly thing
 12212 | D:10     | Killed a two-headed ogre
 12756 | D:10     | Received a gift from Trog
 12994 | D:10     | Reached XP level 12. HP: 113/113 MP: 11/11
 13242 | D:10     | Found Miadotz's Gadget Shoppe.
 13375 | D:11     | Noticed a two-headed ogre
 13383 | D:11     | Killed a two-headed ogre
 13473 | D:11     | Noticed a two-headed ogre
 13477 | D:11     | Killed a two-headed ogre
 13720 | D:11     | Found Ryev's Distillery.
 13724 | D:11     | Noticed a two-headed ogre
 13742 | D:11     | Killed a two-headed ogre
 13759 | D:11     | Found Xaseni's Assorted Antiques.
 13957 | D:11     | Noticed a two-headed ogre
 13966 | D:11     | Killed a two-headed ogre
 14117 | D:11     | Found Giaduwel's Magic Scroll Shop.
 14156 | D:11     | Found a staircase to the Orcish Mines.
 14215 | D:11     | Reached skill level 5 in Dodging
 14247 | D:11     | Bought a potion of curing for 39 gold pieces
 14247 | D:11     | Bought a potion of heal wounds for 65 gold pieces
 14247 | D:11     | Bought a potion of curing for 39 gold pieces
 14247 | D:11     | Bought a potion of haste for 130 gold pieces
 14247 | D:11     | Bought a potion of agility for 52 gold pieces
 14485 | D:11     | Found Lodux's General Store.
 14493 | D:11     | Bought a potion of might for 44 gold pieces
 14675 | D:12     | Noticed Nergalle
 14702 | D:11     | HP: 4/116 [something (8)]
 14704 | D:11     | Slain by a vampire

Levels and vault maps discovered:
D:1:      psy_arrival_whirlpool, layout_basic
D:2:      layout_basic, zin_angel, uniq_robin, uniq_sigmund
D:3:      layout_loops_ring, chequers_ecumenical_altar_simple_redux,
          roderic_serpentine_path
D:4:      layout_loops_ring, nicolae_ashenzari_panopticon, kennysheep_mini,
          first_ration
D:5:      layout_loops_ring, temple_hall, uniq_blork_the_orc, uniq_pikel
D:6:      layout_loops_cross, lemuel_doored_altar
D:7:      layout_layer_cave, nicolae_overflow_hidden_temple, grunt_ogre_cave,
          uniq_harold
D:8:      layout_rooms, ebering_ghost_xom, bloody_trog
D:9:      layout_irregular_city, lemuel_round_altar, nicolae_gozag_seed_capital,
          nemelex_xobeh_ov_fountains_minmay, erik_lair_island,
          minmay_microvault, uniq_prince_ribbit1
D:10:     layout_small_grid, serial_shops, shop
D:11:     layout_cave_pods, orc_0_dummy, serial_shops, shop, nicolae_shop_trees,
          shop, shop
D:12:     layout_cross, portal_ice_cave_rime, uniq_rupert, uniq_nergalle
Temple:   nicolae_temple_god_jail

Skill      XL: |  1  2  3  4  5  6  7  8  9 10 11 12 |
---------------+-------------------------------------+-----
Maces & Flails | 4 5 6 7 8 9 12 13 14 | 14.1
Fighting       | 4 6 10 12 13 | 13.9
Armour         | 3 6 10 12 13 | 13.7
Shields        | 2 4 |  4.1
Dodging        | 5 |  5.1

Action                   |  1- 3 |  4- 6 |  7- 9 | 10-12 || total
-------------------------+-------+-------+-------+-------++-------
Melee: Mace              |    87 |    93 |   277 |   573 ||  1030
       Headbutt          |    14 |    14 |    45 |   161 ||   234
       Unarmed           |       |       |    17 |       ||    17
       Flail             |       |       |       |   171 ||   171
Invok: Berserk           |       |       |       |    11 ||    11
       Trog's Hand       |       |       |       |     3 ||     3
       Brothers in Arms  |       |       |       |     1 ||     1
  Use: Scroll            |     1 |       |     3 |    11 ||    15
  Eat: Chunk             |    15 |     7 |    13 |    41 ||    76
Armor: Chain mail        |    73 |    47 |   154 |   461 ||   735
       Animal skin       |     1 |       |       |       ||     1
Dodge: Dodged            |    50 |    42 |   122 |   320 ||   534
Block: Buckler           |     4 |     7 |    29 |   181 ||   221

Table legend:
 A = Non-vault XP
 B = Vault XP
 C = Vault XP percentage of total XP
 D = Non-vault monster count
 E = Vault monster count
 F = Vault count percentage of total count
                 A         B        C        D         E       F
            +---------+---------+-------+---------+---------+-------
      Total |   25791 |    5114 |  16.5 |     337 |      28 |   7.7
            +---------+---------+-------+---------+---------+-------
        D:1 |      25 |       5 |  16.7 |      14 |       3 |  17.6
        D:2 |     108 |     238 |  68.8 |      20 |      10 |  33.3
        D:3 |      55 |       0 |   0.0 |      25 |       0 |   0.0
        D:4 |     301 |     617 |  67.2 |       9 |       1 |  10.0
        D:5 |     775 |      91 |  10.5 |      17 |       1 |   5.6
        D:6 |     942 |       0 |   0.0 |      18 |       0 |   0.0
        D:7 |    1585 |    1156 |  42.2 |      32 |       2 |   5.9
        D:8 |    3013 |    2097 |  41.0 |      49 |       5 |   9.3
        D:9 |    4960 |     910 |  15.5 |      66 |       6 |   8.3
       D:10 |    5570 |       0 |   0.0 |      44 |       0 |   0.0
       D:11 |    8173 |       0 |   0.0 |      40 |       0 |   0.0
       D:12 |     284 |       0 |   0.0 |       3 |       0 |   0.0
            +---------+---------+-------+---------+---------+-------
